 Dungeon Crawl Stone Soup version 0.29.0-4-gdea44cf6ec (webtiles) character file.

Game seed: 13887845984878011537

9 tizbic2 the Covered (level 2, -2/20 HPs)
             Began as a Meteoran Wanderer on Aug 27, 2022.
             Killed from afar by a dart slug (3 damage)
             ... with a slug dart
             ... on level 1 of the Dungeon.
             The game lasted 00:01:31 (96 turns).

tizbic2 the Covered (Meteoran Wanderer)               Turns: 96, Time: 00:01:32

Health: -2/20      AC: 10    Str: 14    XL:     2   Next: 35%
Magic:  5/5        EV:  6    Int: 13    God:
Gold:   0          SH:  0    Dex: 12    Spells: 3/4 levels left

rFire   . . .      SeeInvis .   f - +0 short sword
rCold   . . .      Faith    .   (no shield)
rNeg    . . .      Spirit   .   d - +0 chain mail
rPois   .          Reflect  .   (no helmet)
rElec   .          Harm     .   (no cloak)
rCorr   .          Rampage  .   (no gloves)
Will    .....                   (no boots)
Stlth   ..........              (no amulet)
HPRegen 0.06/turn               (no ring)
MPRegen 0.09/turn               (no ring)

@: glowing
A: sense surroundings 1, otherworldly, glowing, explore regen
a: no special abilities


You were on level 1 of the Dungeon.
You visited 1 branch of the dungeon, and saw 1 of its levels.

Inventory:

Hand Weapons
 a - a +0 club
 f - a +0 short sword (weapon)
Missiles
 e - 6 stones
Armour
 d - a +0 chain mail (worn)
Scrolls
 b - a scroll of teleportation
Potions
 c - a potion of mutation


   Skills:
 + Level 0.2 Fighting
 * Level 1.1 Maces & Flails
 - Level 1.2 Throwing
 + Level 6.0 Armour
 - Level 1.0 Stealth
 + Level 1.6 Spellcasting
 * Level 1.5 Necromancy
 - Level 1.2 Evocations


You had 3 spell levels left.
You knew the following spells:

 Your Spells              Type           Power      Damage    Failure   Level
a - Necrotise             Necr           20%        1d5       95%         1

Your spell library contained the following spells:

 Spells                   Type           Power      Damage    Failure   Level
 Vampiric Draining        Necr           5%         2d6       100%        3


Dungeon Overview and Level Annotations

Branches:
Dungeon (1/15) Zot: 496

Altars:


Innate Abilities, Weirdness & Mutations

You passively map a small area around you.
You are easily found by Zot.
You glow in the dark.
You regain HP and MP as you explore.


Message History

A ball python comes into view.
The kobold hits you with a +0 short sword.
* * * LOW HITPOINT WARNING * * *
You closely miss the kobold.
The ball python hisses angrily.
The kobold hits you but does no damage. The kobold attacks as you move away!
The kobold hits you but does no damage.
Things that are here:
a +0 short sword; a +0 leather armour; a kobold corpse
f - a +0 short sword The kobold hits you but does no damage.
f - a +0 short sword (weapon)
The kobold hits you but does no damage.
You hit the kobold.
You kill the kobold!
The frilled lizard bites you.
* * * LOW HITPOINT WARNING * * *
Items here: ( ) [ †.
You hit the frilled lizard.
You kill the frilled lizard!
You closely miss the ball python. The ball python bites you.
* * * LOW HITPOINT WARNING * * *
The ball python grabs you. The ball python constricts you.
The ball python bites you but does no damage.
The ball python constricts you.
You hit the ball python.
The ball python is moderately wounded.
The ball python bites you but does no damage.
The ball python constricts you.
* * * LOW HITPOINT WARNING * * *
You barely miss the ball python.
The ball python is moderately wounded.
The ball python bites you but does no damage.
The ball python constricts you.
You hit the ball python.
You kill the ball python!
A dart slug comes into view.
The dart slug launches a dart at you. The slug dart hits you.
You die...

#.#* * #.#
* #.# , * *
#.# , , #.#
, #.# ,, .
#.# ..S ,
#)####...S.
#.@........
######...w!
, ,, ,,...,
. * * * * *
*


You could see a dart slug and a ball python (wandering).

Vanquished Creatures
  2 ball pythons (D:1)
  A goblin (D:1)
  A hobgoblin (D:1)
  2 kobolds (D:1)
  A frilled lizard (D:1)
  2 rats (D:1)
9 creatures vanquished.

Notes
Turn   | Place    | Note
-------+----------+-------------------------------------------
     0 | D:1      | tizbic2 the Meteoran Wanderer began the quest for the Orb.
     0 | D:1      | tizbic2 set off with the following items: a +0 club, a
                  | scroll of teleportation, a potion of mutation, a +0 chain
                  | mail; and the following spell memorised: Necrotise; and the
                  | following spells available to memorise: Vampiric Draining.
     0 | D:1      | Reached XP level 1. HP: 14/14 MP: 3/3
    58 | D:1      | Reached skill level 1 in Maces & Flails
    58 | D:1      | Reached XP level 2. HP: 6/20 MP: 5/5
    93 | D:1      | HP: 1/20 [constriction (1)]
    96 | D:1      | Killed from afar by a dart slug

Illustrated notes

Levels and vault maps discovered:
D:1:      lemuel_arrival_cross, layout_basic

Skill      XL: |  1 |
---------------+----+-----
Maces & Flails | 1 |  1.1
Fighting       | |  0.2
Throwing       | |  1.2
Armour         | |  6.0
Stealth        | |  1.0
Spellcasting   | |  1.6
Necromancy     | |  1.5
Evocations     | |  1.2

Action                   || total
-------------------------++-------
Melee: Club              ||    23
       Short sword       ||     6
Armor: Chain mail        ||    28
Dodge: Dodged            ||     6
